TOP OF THE 1ST |
Milwaukee Brewers batting - Pitching for Atlanta Braves : RHP Wade Ashcroft
|
Pitching: RHP Wade Ashcroft
|
|
Batting: SHB Pat Wilson
|
0-0: Ground out U3 (Groundball, 3, EV 86.3 MPH)
|
Batting: SHB Jamel Wright
|
0-0: Ball 1-0: Fly out, F7 (Flyball, 7D, EV 91.3 MPH)
|
Batting: SHB Jason Woods
|
0-0: DOUBLE (Line Drive, 78D, EV 106.9 MPH)
|
Batting: RHB Bobby Muniz
|
0-0: Ball 1-0: Ball 2-0: Called Strike 2-1: Ball 3-1: Foul Ball, location: 2F 3-2: Ground out 6-3 (Groundball, 56, EV 85.0 MPH)
|
Top of the 1st over - 0 runs, 1 hit, 0 errors, 1 left on base; Milwaukee 0 - Atlanta 0 |
BOTTOM OF THE 1ST |
Atlanta Braves batting - Pitching for Milwaukee Brewers : RHP Mekonen Mahfudh
|
Pitching: RHP Mekonen Mahfudh
|
|
Batting: RHB Jeckel Hester
|
0-0: Ground out U3 (Groundball, 3L, EV 84.4 MPH)
|
Batting: RHB Liangde Li
|
0-0: Called Strike 0-1: Called Strike 0-2: Ball 1-2: Ground out 1-3 (Groundball, 15S, EV 70.6 MPH)
|
Batting: LHB Tom Best
|
0-0: Ground out 4-3 (Groundball, 34D, EV 81.9 MPH)
|
Bottom of the 1st over - 0 runs, 0 hits, 0 errors, 0 left on base; Milwaukee 0 - Atlanta 0 |
TOP OF THE 2ND |
Milwaukee Brewers batting - Pitching for Atlanta Braves : RHP Wade Ashcroft
|
Batting: SHB Jean-François Bernard
|
0-0: Called Strike 0-1: Foul Ball, location: 2F 0-2: Ground out 4-3 (Groundball, 4, EV 111.3 MPH)
|
Batting: RHB Akitada Nishizawa
|
0-0: Ball 1-0: Foul Ball, location: 2F 1-1: Called Strike 1-2: Ball 2-2: Fly out, F7 (Flyball, 7LS, EV 80.6 MPH)
|
Batting: LHB Tetsuya Oba
|
0-0: Ball 1-0: Foul Ball, location: 2F 1-1: Ball 2-1: Ball 3-1: Swinging Strike 3-2: Fly out, F6 (Popup, 56, EV 70.6 MPH)
|
Top of the 2nd over - 0 runs, 0 hits, 0 errors, 0 left on base; Milwaukee 0 - Atlanta 0 |
BOTTOM OF THE 2ND |
Atlanta Braves batting - Pitching for Milwaukee Brewers : RHP Mekonen Mahfudh
|
Batting: RHB Willie Cardamone
|
0-0: Called Strike 0-1: Ball 1-1: Swinging Strike 1-2: Ground out 3-1 (Groundball, 34, EV 79.4 MPH)
|
Batting: RHB Ray Llewellyn
|
0-0: Ball 1-0: Swinging Strike 1-1: Called Strike 1-2: Ground out 6-3 (Groundball, 6, EV 86.9 MPH)
|
Batting: RHB Austin Mickelson
|
0-0: Ball 1-0: Ball 2-0: Called Strike 2-1: Foul Ball, location: 2F 2-2: Strikes out swinging
|
Bottom of the 2nd over - 0 runs, 0 hits, 0 errors, 0 left on base; Milwaukee 0 - Atlanta 0 |
TOP OF THE 3RD |
Milwaukee Brewers batting - Pitching for Atlanta Braves : RHP Wade Ashcroft
|
Batting: RHB Kisho Ito
|
0-0: Swinging Strike 0-1: Ball 1-1: Foul Ball, location: 2F 1-2: Foul Ball, location: 2F 1-2: Ground out 4-3 (Groundball, 4, EV 106.9 MPH)
|
Batting: RHB Noah Stanley
|
0-0: Called Strike 0-1: Swinging Strike 0-2: Fly out, F9 (Flyball, 89XD, EV 98.1 MPH)
|
Batting: SHB Pat Wilson
|
0-0: SINGLE (Groundball, 25, EV 71.3 MPH) (infield hit)
|
Batting: SHB Jamel Wright
|
0-0: Ball 1-0: Called Strike 1-1: Ball Pat Wilson is caught stealing 2nd base 2-6
|
Top of the 3rd over - 0 runs, 1 hit, 0 errors, 0 left on base; Milwaukee 0 - Atlanta 0 |
BOTTOM OF THE 3RD |
Atlanta Braves batting - Pitching for Milwaukee Brewers : RHP Mekonen Mahfudh
|
Batting: RHB Kanehisa Kubo
|
0-0: Ball 1-0: Fly out, F7 (Flyball, 78D, EV 87.5 MPH)
|
Batting: RHB Luis Revilla
|
0-0: Foul Ball, location: 2F 0-1: Ground out 4-3 (Groundball, 13, EV 85.0 MPH)
|
Batting: RHB Itsuo Egami
|
0-0: Foul Ball, location: 2F 0-1: Swinging Strike 0-2: DOUBLE (Groundball, 5L, EV 102.5 MPH)
|
Batting: RHB Jeckel Hester
|
0-0: Called Strike 0-1: Ball 1-1: Ball 2-1: Ball 3-1: Foul Ball, location: 2F 3-2: Strikes out swinging
|
Bottom of the 3rd over - 0 runs, 1 hit, 0 errors, 1 left on base; Milwaukee 0 - Atlanta 0 |
TOP OF THE 4TH |
Milwaukee Brewers batting - Pitching for Atlanta Braves : RHP Wade Ashcroft
|
Batting: SHB Jamel Wright
|
0-0: Ball 1-0: Ball 2-0: Ball 3-0: Base on Balls
|
Batting: SHB Jason Woods
|
0-0: SINGLE (Groundball, 6MD, EV 106.9 MPH) Jamel Wright to second
|
Batting: RHB Bobby Muniz
|
0-0: Ball 1-0: Ball 2-0: Called Strike 2-1: Called Strike 2-2: Grounds into double play, 5-4-3 (Groundball, 56S, EV 85.6 MPH) Jamel Wright to third
|
Batting: SHB Jean-François Bernard
|
0-0: Ball 1-0: Foul Ball, location: 2F 1-1: SINGLE (Groundball, 56D, EV 98.1 MPH) Jamel Wright scores
|
Batting: RHB Akitada Nishizawa
|
0-0: Ball 1-0: Ball 2-0: Foul Ball, location: 2F 2-1: Ball 3-1: Swinging Strike 3-2: Strikes out swinging
|
Top of the 4th over - 1 run, 2 hits, 0 errors, 1 left on base; Milwaukee 1 - Atlanta 0 |
BOTTOM OF THE 4TH |
Atlanta Braves batting - Pitching for Milwaukee Brewers : RHP Mekonen Mahfudh
|
Batting: RHB Liangde Li
|
0-0: Foul Ball, location: 2F 0-1: SINGLE (Groundball, 6M, EV 104.4 MPH) (infield hit)
|
Batting: LHB Tom Best
|
0-0: SINGLE (Line Drive, 89S, EV 98.1 MPH) Liangde Li to second
|
Batting: RHB Willie Cardamone
|
0-0: Called Strike 0-1: Ball 1-1: Fly out, F8 (Flyball, 8LXD, EV 87.5 MPH) Runner from 2nd tags up, SAFE at 3rd, no throw by CF
|
Batting: RHB Ray Llewellyn
|
0-0: Ball 1-0: Called Strike 1-1: Ball 2-1: Foul Ball, location: 2F 2-2: Strikes out swinging
|
Batting: RHB Austin Mickelson
|
0-0: Called Strike 0-1: Ball Tom Best steals 2nd base 1-1: Swinging Strike 1-2: Foul Ball, location: 2F 1-2: Ball 2-2: Foul Ball, location: 2F 2-2: Fly out, F7 (Line Drive, 7, EV 88.1 MPH)
|
Bottom of the 4th over - 0 runs, 2 hits, 0 errors, 2 left on base; Milwaukee 1 - Atlanta 0 |
TOP OF THE 5TH |
Milwaukee Brewers batting - Pitching for Atlanta Braves : RHP Wade Ashcroft
|
Pitching: RHP T.J. Balko
|
|
Batting: LHB Tetsuya Oba
|
0-0: Ball 1-0: Ball 2-0: Swinging Strike 2-1: SOLO HOME RUN (Line Drive, 89XD, EV 114.4 MPH), Distance : 441 ft
|
Batting: RHB Kisho Ito
|
0-0: Ground out 5-3 (Groundball, 56, EV 80.6 MPH)
|
Batting: RHB Noah Stanley
|
0-0: Called Strike 0-1: Ball 1-1: Called Strike 1-2: Fly out, F9 (Flyball, 9S, EV 86.3 MPH)
|
Batting: SHB Pat Wilson
|
0-0: Swinging Strike 0-1: Ball 1-1: Swinging Strike 1-2: DOUBLE (Line Drive, 78D, EV 101.3 MPH)
|
Batting: SHB Jamel Wright
|
0-0: SINGLE (Groundball, 4M, EV 100.0 MPH) (infield hit) Pat Wilson to third
|
Batting: SHB Jason Woods
|
0-0: Called Strike 0-1: Ball 1-1: Ball 2-1: Foul Ball, location: 2F 2-2: Foul Ball, location: 2F 2-2: Ball 3-2: Fly out, F9 (Flyball, 9, EV 87.5 MPH)
|
Top of the 5th over - 1 run, 3 hits, 0 errors, 2 left on base; Milwaukee 2 - Atlanta 0 |
BOTTOM OF THE 5TH |
Atlanta Braves batting - Pitching for Milwaukee Brewers : RHP Mekonen Mahfudh
|
Pitching: RHP Kouchiro Yamaguchi
|
|
Batting: RHB Kanehisa Kubo
|
0-0: Called Strike 0-1: Called Strike 0-2: Ball 1-2: Ball 2-2: Strikes out swinging
|
Batting: RHB Luis Revilla
|
0-0: Ball 1-0: Called Strike 1-1: Fly out, F7 (Line Drive, 7, EV 88.1 MPH)
|
Batting: RHB Itsuo Egami
|
0-0: Foul Ball, location: 2F 0-1: Ball 1-1: Swinging Strike 1-2: Foul Ball, location: 2F 1-2: Strikes out swinging
|
Bottom of the 5th over - 0 runs, 0 hits, 0 errors, 0 left on base; Milwaukee 2 - Atlanta 0 |
TOP OF THE 6TH |
Milwaukee Brewers batting - Pitching for Atlanta Braves : RHP T.J. Balko
|
Batting: RHB Bobby Muniz
|
0-0: Ball 1-0: Fly out, F8 (Line Drive, 8LD, EV 86.3 MPH)
|
Batting: SHB Jean-François Bernard
|
0-0: Ground out 4-3 (Groundball, 4, EV 85.6 MPH)
|
Batting: RHB Akitada Nishizawa
|
0-0: Ball 1-0: Called Strike 1-1: Foul Ball, location: 2F 1-2: Ball 2-2: Strikes out swinging
|
Top of the 6th over - 0 runs, 0 hits, 0 errors, 0 left on base; Milwaukee 2 - Atlanta 0 |
BOTTOM OF THE 6TH |
Atlanta Braves batting - Pitching for Milwaukee Brewers : RHP Kouchiro Yamaguchi
|
Batting: RHB Jeckel Hester
|
0-0: Ball 1-0: SINGLE (Groundball, 6M, EV 103.8 MPH)
|
Batting: RHB Liangde Li
|
0-0: Called Strike 0-1: Ball 1-1: Ball 2-1: Fly out, F6 (Flyball, 56D, EV 85.6 MPH)
|
Batting: LHB Tom Best
|
0-0: Called Strike 0-1: Ball 1-1: Called Strike 1-2: Fly out, F7 (Line Drive, 7, EV 98.1 MPH)
|
Batting: RHB Willie Cardamone
|
0-0: Ball 1-0: Swinging Strike 1-1: Ball 2-1: Ground out 4-3 (Groundball, 34, EV 86.3 MPH)
|
Bottom of the 6th over - 0 runs, 1 hit, 0 errors, 1 left on base; Milwaukee 2 - Atlanta 0 |
TOP OF THE 7TH |
Milwaukee Brewers batting - Pitching for Atlanta Braves : RHP T.J. Balko
|
Batting: LHB Tetsuya Oba
|
0-0: Called Strike 0-1: Foul Ball, location: 2F 0-2: Foul Ball, location: 2F 0-2: Foul Ball, location: 2F 0-2: Strikes out swinging
|
Batting: RHB Kisho Ito
|
0-0: Foul Ball, location: 2F 0-1: Called Strike 0-2: Strikes out swinging
|
Batting: RHB Noah Stanley
|
0-0: Ball 1-0: Fly out, F9 (Flyball, 9LM, EV 101.3 MPH)
|
Top of the 7th over - 0 runs, 0 hits, 0 errors, 0 left on base; Milwaukee 2 - Atlanta 0 |
BOTTOM OF THE 7TH |
Atlanta Braves batting - Pitching for Milwaukee Brewers : RHP Kouchiro Yamaguchi
|
Pitching: RHP Mike Ellinwood
|
|
Batting: RHB Ray Llewellyn
|
0-0: Ball 1-0: Foul Ball, location: 2F 1-1: Foul Ball, location: 2F 1-2: Ground out U3 (Groundball, 3, EV 94.4 MPH)
|
Batting: RHB Austin Mickelson
|
0-0: Foul Ball, location: 2F 0-1: Ball 1-1: Ball 2-1: SINGLE (Groundball, 4, EV 107.5 MPH) (infield hit)
|
Batting: RHB Kanehisa Kubo
|
0-0: TRIPLE (Flyball, 89XD, EV 95.0 MPH) Austin Mickelson scores
|
Batting: RHB Luis Revilla
|
0-0: Ball 1-0: Called Strike 1-1: Ball 2-1: Called Strike 2-2: Strikes out looking
|
Batting: RHB Itsuo Egami
|
0-0: Ball 1-0: Ball 2-0: Called Strike 2-1: Ground out 3-1 (Groundball, 34S, EV 75.6 MPH)
|
Bottom of the 7th over - 1 run, 2 hits, 0 errors, 1 left on base; Milwaukee 2 - Atlanta 1 |
TOP OF THE 8TH |
Milwaukee Brewers batting - Pitching for Atlanta Braves : RHP T.J. Balko
|
Pitching: RHP Charles Hewson
|
|
Batting: RHB Yuichi Matsuoka
|
0-0: Swinging Strike 0-1: Fly out, F4 (Popup, 4, EV 68.1 MPH)
|
Batting: SHB Jamel Wright
|
0-0: Called Strike 0-1: Called Strike 0-2: Ground out 4-3 (Groundball, 4, EV 101.3 MPH)
|
Pinch Hitting: RHB Emilio Gallegos
|
0-0: Called Strike 0-1: Ball 1-1: Foul Ball, location: 2F 1-2: SINGLE (Groundball, 25, EV 71.9 MPH) (infield hit)
|
Pinch Hitting: LHB Katsunan Akimoto
|
0-0: Ball 1-0: Ball 2-0: Swinging Strike 2-1: Ball 3-1: Foul Ball, location: 2F 3-2: Strikes out looking
|
Top of the 8th over - 0 runs, 1 hit, 0 errors, 1 left on base; Milwaukee 2 - Atlanta 1 |
BOTTOM OF THE 8TH |
Atlanta Braves batting - Pitching for Milwaukee Brewers : RHP Mike Ellinwood
|
Now at C: Katsunan Akimoto
|
|
Now in LF: Daniel Donovan
|
|
Now in CF: Emilio Gallegos
|
|
Pinch Hitting: RHB Tade Post
|
0-0: Ball 1-0: Swinging Strike 1-1: Called Strike 1-2: Strikes out swinging
|
Pinch Hitting: RHB Adriaan Pieters
|
0-0: Ball 1-0: Ball 2-0: Ball 3-0: Called Strike 3-1: Base on Balls
|
Batting: LHB Tom Best
|
0-0: Ball 1-0: SINGLE (Groundball, 4M, EV 105.0 MPH) Adriaan Pieters to second Runner from 2nd tries for 3rd, SAFE, throw by CF made to third
|
Batting: RHB Willie Cardamone
|
0-0: Foul Ball, location: 2F 0-1: SINGLE (Groundball, 4MD, EV 94.4 MPH) Adriaan Pieters scores Tom Best to second
|
Pinch Hitting: RHB Oscar Fausto
|
0-0: Ball 1-0: Swinging Strike 1-1: Ball 2-1: Ball 3-1: Base on Balls Tom Best to third Willie Cardamone to second
|
Batting: RHB Butch Kaiser
|
0-0: Ball 1-0: Ball 2-0: Foul Ball, location: 2F 2-1: Fly out, F8 (Flyball, 8RS, EV 88.8 MPH)
|
Pinch Hitting: LHB Sam Dowdy
|
0-0: Ball Wild Pitch! Tom Best scores Willie Cardamone to third Oscar Fausto to second 1-0: Ball 2-0: Called Strike 2-1: Ball 3-1: Base on Balls
|
Pinch Hitting: RHB Garrison Feltham
|
0-0: Ball 1-0: Called Strike 1-1: Ball 2-1: Foul Ball, location: 2F 2-2: Strikes out swinging
|
Bottom of the 8th over - 2 runs, 2 hits, 0 errors, 3 left on base; Milwaukee 2 - Atlanta 3 |
TOP OF THE 9TH |
Milwaukee Brewers batting - Pitching for Atlanta Braves : RHP Charles Hewson
|
Pitching: RHP Victor Munoz
|
|
Now at C: Tade Post
|
|
Now at 1B: Oscar Fausto
|
|
Now at 2B: Sam Dowdy
|
|
Now at 3B: Garrison Feltham
|
|
Now in RF: Adriaan Pieters
|
|
Pinch Hitting: RHB Ben Campbell
|
0-0: Ground out 5-3 (Groundball, 5L, EV 101.3 MPH)
|
Pinch Hitting: RHB Tim Lively
|
0-0: Called Strike 0-1: Called Strike 0-2: Ball 1-2: Strikes out swinging
|
Pinch Hitting: RHB Eric Sullivan
|
0-0: Ball 1-0: Ball 2-0: Ball 3-0: Called Strike 3-1: Swinging Strike 3-2: Foul Ball, location: 2F 3-2: Foul Ball, location: 2F 3-2: Strikes out swinging
|
Top of the 9th over - 0 runs, 0 hits, 0 errors, 0 left on base; Milwaukee 2 - Atlanta 3 |
|